 Dungeon Crawl Stone Soup version 0.26-a0-597-gb535b0901c (webtiles) character file.

Game seed: 765350706316571713

2916 raph the Transmogrifier (level 9, -7/68 HPs)
             Began as a Purple Draconian Transmuter on Sept 5, 2020.
             Was an Initiate of Makhleb.
             Killed by divine providence
             ... invoked by an orc priest
              (16 damage)
             ... on level 7 of the Dungeon.
             The game lasted 00:25:06 (10152 turns).

raph the Transmogrifier (DrTm)                     Turns: 10152, Time: 00:25:06

Health: -7/68      AC:  8    Str: 12    XL:     9   Next: 50%
Magic:  17/22      EV: 13    Int: 15    God:    Makhleb [......]
Gold:   408        SH:  0    Dex: 14    Spells: 1/14 levels left

rFire    . . .     SeeInvis .     - Unarmed
rCold    . . .     Faith    .   (shield currently unavailable)
rNeg     . . .     Spirit   .   (armour unavailable)
rPois    .         Reflect  .   (helmet restricted)
rElec    .         Harm     .   B - +0 cloak
rCorr    .                      (gloves currently unavailable)
MR       +....                  (no boots)
Stlth    +.........             a - amulet of regeneration
HPRegen  0.61/turn              z - ring of magical power
MPRegen  0.18/turn              (no ring)

@: lethally poisoned (-7 -> -11), blade hands (expiring), wereblooded
A: breathe power, unfitting armour, cold-blooded, AC +7
a: Breathe Dispelling Energy, End Transformation, Renounce Religion


You were on level 7 of the Dungeon.
You worshipped Makhleb.
Makhleb was noncommittal.
You had blades for hands.
You visited 2 branches of the dungeon, and saw 8 of its levels.
You also visited: Ossuary.

You collected 408 gold pieces.

Inventory:

Hand Weapons
 d - a +1 spectral quarterstaff
Missiles
 c - 11 javelins
 g - 51 poisoned darts (quivered)
Armour
 B - a +0 cloak (worn)
Magical Staves
 o - an uncursed staff of air
Jewellery
 a - an amulet of regeneration (around neck)
 e - an uncursed amulet of magic regeneration
 i - an uncursed amulet of the acrobat
 z - a ring of magical power (left scythe-like blade)
 A - an uncursed amulet of faith
Wands
 x - a wand of acid (10)
 y - a wand of flame (10)
Scrolls
 b - 2 scrolls of magic mapping
 l - 2 scrolls of teleportation
 m - a scroll of identify
 p - 9 scrolls of remove curse
 q - 3 scrolls of amnesia
 r - a scroll of noise
 w - a scroll of silence
Potions
 f - 2 potions of lignification
 h - a potion of berserk rage
 j - 4 potions of curing
 k - a potion of degeneration
 n - a potion of might
 s - 2 potions of haste
 t - a potion of mutation
 u - 2 potions of flight {unknown}
 v - 3 potions of cancellation {unknown}


   Skills:
 + Level 2.4 Fighting
 + Level 2.6 Dodging
 + Level 6.2 Unarmed Combat
 - Level 3.3 Spellcasting
 + Level 0.3 Translocations
 * Level 11.4 Transmutations
 * Level 0.5 Invocations


You had one spell level left.
You knew the following spells:

 Your Spells              Type           Power        Failure   Level
a - Beastly Appendage     Tmut           #####.       9%          1
b - Wereblood             Tmut           #####...     10%         2
c - Blade Hands           Tmut           #####.....   32%         5
d - Spider Form           Tmut/Pois      ###.......   34%         3
e - Blink                 Tloc           N/A          69%         2

Your spell library contained the following spells:

 Spells                   Type           Power        Failure   Level
 Animate Skeleton         Necr           #.....       63%         1
 Magic Dart               Conj           #...         63%         1
 Pain                     Necr           #...         63%         1
 Ice Form                 Ice/Tmut       ###.....     61%         4
 Call Imp                 Summ           #.......     73%         2
 Slow                     Hex            #.......     73%         2
 Conjure Flame            Conj/Fire      #.......     88%         3
 Mephitic Cloud           Conj/Pois/Air  #.......     88%         3
 Vampiric Draining        Necr           #.........   88%         3
 Animate Dead             Necr           #.........   99%         4
 Agony                    Necr           #.......     100%        5


Dungeon Overview and Level Annotations

Branches:
Dungeon (7/15)             Temple (1/1) D:5         Ossuary (visited)

Altars:
Ashenzari
Cheibriados
Elyvilon
Fedhas
Gozag
Hepliaklqana
Kikubaaqudgha
Makhleb
Nemelex Xobeh
Okawaru
Qazlal
Ru
Sif Muna
Trog
Uskayaw
Wu Jian
Xom
Yredelemnul
The Shining One

Annotations:
D:4 Edmund


Innate Abilities, Weirdness & Mutations

You can breathe bolts of dispelling energy.
Your rich purple scales are hard. (AC +7)
You cannot fit into any form of body armour.
You are cold-blooded and may be slowed by cold attacks.


Message History

The orc priest mumbles some strange prayers to Beogh against you.
Pain shoots through your body! The orc priest barely misses you.
The orc hits you with a +0 club.
* * * LOW HITPOINT WARNING * * *
The scorpion stings you.
* * * LOW HITPOINT WARNING * * *
You slash the orc priest!
You kill the orc priest!
Makhleb accepts your kill.
You feel sick. The orc priest barely misses you. The scorpion stings you.
* * * LOW HITPOINT WARNING * * *
You are more poisoned.
The scorpion poisons you!
The orc throws a boomerang.
The boomerang completely misses you.
The weapon returns to the orc!
You howl as the wereblood boils in your veins!
You feel sick.
The orc priest invokes the aid of Beogh against you.
Beogh smites you!
You die...

#.# .......((.......#
.(####≈≈....##########
..).[..≈....
..####≈≈.... #.# .......
#.# ......# # #.. ......
.#
####################.#
......†.........@s...#.#
#################....§§§
#.o..#§# #)o...#
#......# #........
#........ #(...(...
#........


You could see a scorpion, an orc priest and an orc.

Vanquished Creatures
  Maggie (D:6)
  Duvessa (D:5)
  2 phantoms
  2 ogres
  A centaur (D:7)
  5 elf zombies (Ossuary)
  4 big kobolds (D:6)
  2 bullfrogs
  Dowan (D:5)
  A scorpion (D:6)
  2 electric eels (D:6)
  A howler monkey (D:6)
  5 centaur zombies (Ossuary)
  A jelly (D:6)
  2 human zombies (Ossuary)
  3 hounds
  5 orc priests
  An orc wizard (D:6)
  An iguana (D:5)
  Ijyb (D:5)
  3 bullfrog skeletons
  2 worker ants
  A hound zombie (D:3)
  3 mummies (Ossuary)
  A howler monkey skeleton (D:6)
  15 gnolls
  8 adders
  2 white imps
  An ufetubus (D:6)
  2 oozes
  A worm (D:3)
  3 dart slugs
  6 leopard geckos
  17 orcs
  A ball python (D:1)
  6 bats
  4 giant cockroaches
  4 hobgoblins
  5 quokkas
  A giant cockroach zombie (D:5)
  7 goblins
  47 kobolds
  4 quokka skeletons
  7 rats
  A bush (D:7)
194 creatures vanquished.

Vanquished Creatures (others)
  2 kobolds (D:6)
2 creatures vanquished.

Grand Total: 196 creatures vanquished

Notes
Turn   | Place    | Note
-------+----------+-------------------------------------------
     0 | D:1      | raph the Draconian Transmuter began the quest for the Orb.
     0 | D:1      | Reached XP level 1. HP: 16/16 MP: 3/3
   285 | D:1      | Reached XP level 2. HP: 21/23 MP: 3/5
   289 | D:1      | Learned a level 2 spell: Wereblood
  1169 | D:2      | Reached XP level 3. HP: 28/28 MP: 4/6
  2259 | D:3      | Reached skill level 3 in Transmutations
  2259 | D:3      | Reached XP level 4. HP: 27/36 MP: 7/7
  2737 | D:3      | Reached XP level 5. HP: 34/41 MP: 6/8
  3665 | D:4      | Noticed an ogre
  3706 | D:4      | Reached skill level 4 in Transmutations
  3708 | D:4      | Killed an ogre
  3708 | D:4      | Reached XP level 6. HP: 21/48 MP: 5/10
  3718 | D:4      | Learned a level 5 spell: Blade Hands
  4467 | D:4      | Noticed Edmund
  4617 | D:5      | Entered Level 5 of the Dungeon
  4973 | D:5      | Found a sparkling altar of Nemelex Xobeh.
  5008 | D:5      | Found a blossoming altar of Fedhas.
  5044 | D:5      | Reached skill level 5 in Transmutations
  5059 | D:5      | Found a sand-covered staircase.
  5102 | D:5      | Reached skill level 5 in Unarmed Combat
  5172 | Ossuary  | Entered an ossuary
  5228 | Ossuary  | Your scales start taking on a rich purple colour.
  5228 | Ossuary  | Reached XP level 7. HP: 45/53 MP: 8/11
  5503 | Ossuary  | Reached skill level 6 in Transmutations
  6214 | Ossuary  | Reached skill level 7 in Transmutations
  6236 | Ossuary  | Reached XP level 8. HP: 59/60 MP: 12/12
  6485 | D:5      | Learned a level 3 spell: Spider Form
  6537 | D:5      | Found a staircase to the Ecumenical Temple.
  6569 | D:5      | Reached skill level 8 in Transmutations
  6589 | D:5      | Noticed Dowan
  6590 | D:5      | Noticed Duvessa
  6603 | D:5      | Killed Duvessa
  6607 | D:5      | Killed Dowan
  7090 | D:5      | Noticed Ijyb
  7101 | D:5      | Killed Ijyb
  7395 | D:6      | Reached skill level 9 in Transmutations
  8525 | D:6      | Reached skill level 10 in Transmutations
  8564 | D:6      | Noticed Maggie
  8583 | D:6      | Killed Maggie
  8583 | D:6      | Reached XP level 9. HP: 47/67 MP: 13/13
  8998 | D:6      | Reached skill level 11 in Transmutations
  9357 | D:6      | HP: 1/67 [electric eel/bolt of electricity (13)]
  9646 | Temple   | Entered the Ecumenical Temple
  9842 | Temple   | Became a worshipper of Makhleb the Destroyer
 10074 | D:7      | Learned a level 2 spell: Blink
 10152 | D:7      | Killed from afar by an orc priest

Illustrated notes

Levels and vault maps discovered:
D:1:      dpeg_arrival_shelter, layout_loops_ring
D:2:      layout_basic
D:3:      layout_loops_ring
D:4:      layout_loops_cross, kennysheep_cross_bottleneck, uniq_edmund
D:5:      layout_basic, nemelex_xobeh_ov_fountains_minmay,
          minmay_temple_entry_from_below_b, nicolae_ossuary_entry_ruins,
          fedhas_ov_isle_minmay, uniq_duvessa, uniq_ijyb
D:6:      minmay_goblin_kobold_castle, layout_loops_ring, uniq_maggie
D:7:      layout_basic, grunt_dithmenos_smoke_and_mirrors, zin_purify,
          enter_bailey_2, serial_shops, nicolae_shop_crystal,
          kb_lookout_dungeons_type, minmay_nine_imps
Temple:   dpeg_five_rooms_temple

Skill      XL: |  1  2  3  4  5  6  7  8  9 |
---------------+----------------------------+-----
Dodging        | 2 |  2.6
Transmutations | 3 4 5 7 10 11 | 11.4
Unarmed Combat | 4 5 6 |  6.2
Spellcasting   | 3 |  3.3
Fighting       | 2 |  2.4
Translocations | |  0.3
Invocations    | |  0.5

Action                   |  1- 3 |  4- 6 |  7- 9 || total
-------------------------+-------+-------+-------++-------
Melee: Unarmed           |   104 |   159 |   408 ||   671
       Kick              |    15 |    36 |    67 ||   118
       Tailslap          |     8 |    12 |    43 ||    63
       Headbutt          |     8 |    19 |    44 ||    71
       Punch             |     1 |     2 |     8 ||    11
Throw: Dart              |       |     3 |     2 ||     5
 Cast: Beastly Appendage |    21 |    23 |    26 ||    70
       Wereblood         |     1 |     6 |    18 ||    25
       Blade Hands       |       |       |    15 ||    15
Evoke: Wand              |       |       |     1 ||     1
  Use: Scroll            |       |     9 |     9 ||    18
       Potion            |       |     1 |     2 ||     3
 Stab: Sleeping          |     1 |       |       ||     1
Armor: Skin              |    26 |    27 |    94 ||   147
Dodge: Dodged            |    59 |    91 |   249 ||   399

Table legend: (Time is in decaauts)
 A = Elapsed time spent in this place.
 B = Non-inter-level travel time spent in this place.
 C = Inter-level travel time spent in this place.
 D = Time resting spent in this place.
 E = Time spent auto-exploring this place.
 F = Levels seen in this place.
 G = Mean time per level.
                   A        B        C        D        E       F      G
               +--------+--------+--------+--------+--------+-----+--------+
         Total |  10105 |   9777 |    328 |   3318 |   4922 |   9 | 1122.8 |
       Dungeon |   8780 |   8503 |    277 |   2507 |   4681 |   7 | 1254.3 |
        Temple |    248 |    197 |     51 |      0 |    188 |   1 |  248.0 |
       Ossuary |   1075 |   1075 |      0 |    811 |     53 |   1 | 1075.0 |
               +--------+--------+--------+--------+--------+-----+--------+

Top non-repeatable levels by time:
     D:6: 2280 daAuts
     D:5: 1668 daAuts
     D:2: 1660 daAuts
     D:3: 1362 daAuts
 Ossuary: 1075 daAuts
     D:4: 997 daAuts
     D:1: 580 daAuts
  Temple: 248 daAuts
     D:7: 231 daAuts
